 Dungeon Crawl Stone Soup version 0.30-a0-368-g86fb4627a9 (webtiles) character file.

Game seed: 8530492773165514962

4693 funkygono the Thaumaturge (level 10, 0/67 HPs)
             Began as a Demonspawn Fire Elementalist on Nov 19, 2022.
             Was a Believer of Vehumet.
             Slain by an orc knight
             ... wielding a +0 glaive
              (8 damage)
             ... in a bailey.
             The game lasted 00:16:22 (8478 turns).

funkygono the Thaumaturge (DsFE)                    Turns: 8478, Time: 00:16:23

Health: 0/67       AC: 25    Str: 18    XL:     10   Next: 21%
Magic:  11/22      EV: 12    Int: 26    God:    Vehumet [**....]
Gold:   513        SH:  0    Dex: 13    Spells: 15/26 levels left

rFire   . . .      SeeInvis .    v - +2 long sword (protect)
rCold   . . .      Faith    .    (no shield)
rNeg    . . .      Spirit   .    s - +3 leather armour "Teaseunu" {rElec rPois Str+10 Stlth-}
rPois   +          Reflect  .    D - +0 helmet
rElec   +          Harm     .    (no cloak)
rCorr   .          Rampage  .    r - +4 pair of gloves of Voisejio {Int+4 Slay+2}
Will    .....                    E - +0 pair of boots
Stlth   +.........               (no amulet)
HPRegen 2.31/turn                (no ring)
MPRegen 0.36/turn                (no ring)

@: sanguine armoured
A: powered by death 2, magic regeneration, sanguine armour 3, weakness stinger 1
a: Renounce Religion


You were in a bailey.
You worshipped Vehumet.
Vehumet was pleased with you.
You visited 2 branches of the dungeon, and saw 9 of its levels.
You also visited: Sewer and Bailey.

You collected 513 gold pieces.

Inventory:

Hand Weapons
 f - a +0 dagger
 l - a +0 mace
 p - a +0 whip of protection
 v - a +2 long sword of protection (weapon)
Armour
 a - a +0 robe
 q - the +3 leather armour of Amorous Awe {Will+ Dex+2}
   (You found it on level 2 of the Dungeon)

   Dex:       It affects your dexterity (+2).
   Will:      It increases your willpower.
 r - the +4 pair of gloves of Voisejio (worn) {Int+4 Slay+2}
   (You acquired it on level 5 of the Dungeon)

   Int:       It affects your intelligence (+4).
   Slay:      It affects your accuracy & damage with ranged weapons and melee
   (+2).
 s - the +3 leather armour "Teaseunu" (worn) {rElec rPois Str+10 Stlth-}
   (You found it on level 3 of the Dungeon)

   Str:       It affects your strength (+10).
   rElec:     It insulates you from electricity.
   rPois:     It protects you from poison.
   Stlth:     It makes you less stealthy.
 B - a +2 pair of gloves
 D - a +0 helmet (worn)
 E - a +0 pair of boots (worn)
Wands
 n - a wand of iceblast (9)
 t - a wand of quicksilver (11)
 y - a wand of polymorph (13)
Scrolls
 c - a scroll of summoning
 h - 2 scrolls of immolation
 i - a scroll of amnesia
 k - 4 scrolls of teleportation
 m - a scroll of magic mapping
 z - 3 scrolls of fear
Potions
 b - 3 potions of magic
 d - a potion of degeneration {unknown}
 e - a potion of lignification {unknown}
 g - 4 potions of heal wounds
 j - 3 potions of might
 o - a potion of ambrosia {unknown}
 u - 3 potions of mutation {unknown}
 w - a potion of flight {unknown}
 x - a potion of attraction {unknown}
 A - 3 potions of brilliance {unknown}
 C - 3 potions of haste {unknown}
 F - a potion of curing {unknown}
 G - 2 potions of cancellation {unknown}
 H - a potion of invisibility {unknown}
 I - a potion of experience


   Skills:
 + Level 2.0 Fighting
 + Level 1.5 Long Blades
 + Level 3.4 Armour
 + Level 3.3 Dodging
 - Level 1.7 Stealth
 + Level 8.6 Spellcasting
 + Level 5.4 Conjurations
 + Level 8.5 Fire Magic


You had 15 spell levels left.
You knew the following spells:

 Your Spells              Type           Power      Damage    Failure   Level
a - Foxfire               Conj/Fire      100%       2x1d9     1%          1
b - Scorch                Fire           100%       2d10      1%          2
c - Kindle Blastsparks    Fire/Tloc/Air  52%        2d14      6%          3
d - Flame Wave            Conj/Fire      47%        2d12      3%          4
e - Kiss of Death         Conj/Necr      100%       2d13      1%          1

Your spell library contained the following spells:

 Spells                   Type           Power      Damage    Failure   Level
 Poisonous Vapours        Pois/Air       22%        N/A       10%         2
 Momentum Strike          Conj/Tloc      50%        3d9       3%          2
 Inner Flame              Hex/Fire       33%        N/A       3%          3
 Blink                    Tloc           22%        N/A       10%         2
 Gell's Gravitas          Tloc           11%        N/A       19%         3
 Lesser Beckoning         Tloc           22%        N/A       19%         3
 Portal Projectile        Hex/Tloc       22%        N/A       19%         3
 Teleport Other           Tloc           11%        N/A       19%         3
 Tukima's Dance           Hex            11%        N/A       19%         3
 Blade Hands              Tmut           5%         N/A       87%         5
 Dispersal                Tloc           5%         N/A       100%        6


Dungeon Overview and Level Annotations

Branches:
Dungeon (8/15)             Temple (1/1) D:6           Sewer (visited)
 Bailey (1/1)
   Lair: D:8-11

Altars:
Ashenzari
Cheibriados
Dithmenos
Fedhas
Gozag
Hepliaklqana
Kikubaaqudgha
Makhleb
Nemelex Xobeh
Okawaru
Qazlal
Ru
Sif Muna
Trog
Uskayaw
Vehumet
Wu Jian
Xom
Yredelemnul

Shops:
D:6 [


Innate Abilities, Weirdness & Mutations

You regenerate health from kills.
You regenerate magic rapidly.
When seriously injured, your blood forms very thick armour. (AC +12)
You have a small tail.


Message History

The orc knight is lightly wounded.
The orc knight hits you from afar with a +0 glaive!
Casting: Scorch (safe; 1% risk of failure)
Confirm with . or Enter, or press ? or * to list all spells.
You conjure some foxfire!
The orc barely misses you. The orc knight barely misses you.
The orc warrior hits you from afar with a +0 spear.
Casting: Foxfire (safe; 1% risk of failure)
Confirm with . or Enter, or press ? or * to list all spells.
Flames lash the orc.
You kill the orc!
Vehumet accepts your kill.
The orc knight is no longer more vulnerable to fire.
The foxfire hits the orc warrior but does no damage.
The foxfire hits the orc warrior.
The orc warrior is lightly wounded.
The orc knight hits you from afar with a +0 glaive!!
Your blood congeals into armour.
The orc warrior misses you.
The orc warrior hits you with a +0 spear!
The orc knight hits you with a +0 glaive!
* * * LOW HITPOINT WARNING * * *
Casting: Scorch (safe; 1% risk of failure)
Confirm with . or Enter, or press ? or * to list all spells.
Casting: Flame Wave (dangerous; 3% risk of failure)
Press: ? - help, Dir - look around, f - activate A wave of flame ripples out!
The flame wave engulfs the orc warrior.
The orc warrior is moderately wounded.
The flame wave engulfs the orc knight!
The orc knight is moderately wounded. (Press . to intensify the flame waves.)
The orc warrior hits you but does no damage.
The orc knight hits you with a +0 glaive!
* * * LOW HITPOINT WARNING * * *
A wave of flame ripples out!
The flame wave engulfs the orc warrior!
The orc warrior is almost dead.
The flame wave engulfs the orc knight but does no damage.
The orc knight is moderately wounded.
The orc warrior barely misses you.
The orc knight hits you with a +0 glaive!
You die...

#### ####### # o....
########.....## ##
....).#.....#....)..######.
#.)'..o..'...##.)#)...#.
.o....'.)o@.'....8.)'....'.
...#..'..)..'...##.)#....#.
......#.....#....)..######.
.....#########.....## ##
##### ####### #


You could see an orc knight and an orc warrior (strong).

Vanquished Creatures
  A troll (D:5)
  Prince Ribbit (D:5)
  Sigmund (D:3)
  5 yaks (D:8)
  2 sky beasts
  5 orc warriors (Bailey)
  3 ice beasts
  An ogre (D:4)
  A black bear (D:5)
  A centaur (D:7)
  2 phantoms (D:5)
  3 kobold brigands
  2 necrophages
  A bullfrog (D:7)
  A scorpion (D:5)
  12 wights
  6 killer bees (D:7)
  2 howler monkeys
  A hound (D:6)
  2 jellies
  3 iguanas
  3 orc wizards
  3 gnolls (D:7)
  17 adders
  6 river rats (Sewer)
  2 shadow imps (D:6)
  5 white imps
  3 ufetubi
  2 worms
  24 orcs
  5 endoplasms
  2 giant cockroaches
  13 goblins
  11 hobgoblins
  9 jackals
  15 ball pythons
  4 bats
  6 frilled lizards
  13 kobolds
  8 rats
207 creatures vanquished.

Vanquished Creatures (collateral kills)
  5 foxfires (Sewer)
5 creatures vanquished.

Vanquished Creatures (others)
  A demonic plant (D:6)
  488 foxfires
  34 plants (Sewer)
523 creatures vanquished.

Grand Total: 735 creatures vanquished

Notes
Turn   | Place    | Note
-------+----------+-------------------------------------------
     0 | D:1      | funkygono the Demonspawn Fire Elementalist began the quest
                  | for the Orb.
     0 | D:1      | Reached XP level 1. HP: 13/13 MP: 3/3
   360 | D:1      | Gained mutation: You have a small tail. [demonic ancestry]
   360 | D:1      | Reached XP level 2. HP: 19/19 MP: 3/5
   363 | D:1      | Learned a level 2 spell: Scorch
  1415 | D:2      | Gained mutation: You regenerate a little health from kills.
                  | [demonic ancestry]
  1415 | D:2      | Reached XP level 3. HP: 24/24 MP: 3/6
  1758 | D:2      | Identified the +3 leather armour of Amorous Awe {Will+
                  | Dex+2}
  2056 | D:2      | Learned a level 3 spell: Kindle Blastsparks
  2076 | D:3      | Noticed Sigmund
  2089 | D:3      | Killed Sigmund
  2090 | D:3      | Gained mutation: When seriously injured, your blood forms
                  | armour. (AC +12) [demonic ancestry]
  2090 | D:3      | Reached XP level 4. HP: 30/30 MP: 0/9
  2090 | D:3      | Gained mutation: When seriously injured, your blood forms
                  | thick armour. (AC +12) [demonic ancestry]
  2090 | D:3      | Reached XP level 5. HP: 35/35 MP: 0/10
  2189 | D:3      | Identified the +3 leather armour "Teaseunu" {rElec rPois
                  | Str+10 Stlth-}
  3122 | D:4      | Gained mutation: You regenerate magic rapidly. [demonic
                  | ancestry]
  3122 | D:4      | Reached XP level 6. HP: 41/41 MP: 7/11
  3394 | D:4      | Found a glowing drain.
  3401 | Sewer    | Entered a sewer
  3744 | Sewer    | Reached skill level 1 in Armour
  4849 | D:4      | Gained mutation: When seriously injured, your blood forms
                  | very thick armour. (AC +12) [demonic ancestry]
  4849 | D:4      | Reached XP level 7. HP: 47/47 MP: 7/13
  5279 | D:5      | Entered Level 5 of the Dungeon
  5307 | D:5      | Reached skill level 5 in Fire Magic
  5438 | D:5      | You fall into a shaft and drop 1 floor!
  5443 | D:6      | Found a staircase to the Ecumenical Temple.
  5469 | D:6      | Reached skill level 5 in Spellcasting
  5524 | Temple   | Entered the Ecumenical Temple
  5687 | Temple   | Became a worshipper of Vehumet
  6010 | D:5      | Reached XP level 8. HP: 52/53 MP: 3/16
  6324 | D:5      | Noticed Prince Ribbit
  6346 | D:5      | Killed Prince Ribbit
  6347 | D:5      | Reached skill level 1 in Fighting
  6387 | D:5      | Learned a level 4 spell: Flame Wave
  6750 | D:5      | Identified a scroll of acquirement
  6750 | D:5      | Acquired the +4 pair of gloves of Voisejio {Int+4 Slay+2}
  6767 | D:6      | Noticed a troll
  6773 | D:5      | Killed a troll
  6951 | D:6      | Reached * piety under Vehumet
  6951 | D:6      | Offered knowledge of Kiss of Death by Vehumet.
  6961 | D:6      | Gained mutation: You regenerate health from kills. [demonic
                  | ancestry]
  6961 | D:6      | Reached XP level 9. HP: 59/59 MP: 3/19
  7264 | D:6      | Found Binecrapn's Antique Armour Shop.
  7412 | D:6      | Learned a level 1 spell: Kiss of Death
  7733 | D:7      | Reached skill level 1 in Long Blades
  7955 | D:7      | Found a hide-covered altar of Uskayaw.
  7960 | D:7      | Found a sparkling altar of Nemelex Xobeh.
  8125 | D:8      | Reached skill level 5 in Conjurations
  8132 | D:7      | Reached ** piety under Vehumet
  8132 | D:7      | Offered knowledge of Poisonous Vapours by Vehumet.
  8204 | D:8      | Reached XP level 10. HP: 67/67 MP: 9/22
  8241 | D:8      | Found a flagged portal.
  8252 | Bailey   | Entered a bailey
  8461 | Bailey   | Noticed an orc knight
  8478 | Bailey   | Slain by an orc knight

Illustrated notes

Levels and vault maps discovered:
D:1:      dpeg_arrival_morbid_curiosity, layout_basic, minmay_stone_trees_small,
          minivault_11
D:2:      layout_rooms, corexii_leaking_fountain
D:3:      layout_loops_ring, grunt_ministairs_15, uniq_sigmund
D:4:      layout_basic, portal_sewer_entry_e, minmay_snake_closets
D:5:      layout_loops_ring, nrook_pool_corridor, uniq_prince_ribbit1
D:6:      layout_basic, minmay_temple_entry_large_hall, serial_shops, shop,
          serial_demonic, serial_demonic_c, serial_demonic_d, serial_demonic_f,
          serial_demonic_c
D:7:      layout_cave_pools, minmay_overflow_temple_star_quad,
          dreamdust_wishing_well
D:8:      layout_basic, enter_bailey_4, uniq_maurice
Temple:   mainiacjoe_temple_bowtie_tessellation
Bailey:   bailey_polearm_5, bailey

Skill      XL: |  1  2  3  4  5  6  7  8  9 10 |
---------------+-------------------------------+-----
Fire Magic     | 3 4 5 7 8 |  8.5
Dodging        | 2 3 |  3.3
Spellcasting   | 3 4 5 6 8 |  8.6
Conjurations   | 2 3 4 5 |  5.4
Armour         | 1 2 3 |  3.4
Fighting       | 1 2 |  2.0
Long Blades    | 1 |  1.5
Stealth        | |  1.7

Action                   |  1- 3 |  4- 6 |  7- 9 | 10-12 || total
-------------------------+-------+-------+-------+-------++-------
Melee: Unarmed           |     3 |       |       |       ||     3
       Whip              |       |     3 |       |       ||     3
       Long sword        |       |    58 |    20 |       ||    78
       Tailslap          |       |    17 |     4 |       ||    21
       Punch             |       |     1 |       |       ||     1
 Cast: Foxfire           |    56 |    68 |   137 |    28 ||   289
       Scorch            |     2 |    30 |    54 |     8 ||    94
       Flame Wave        |       |       |     8 |     4 ||    12
  Use: Scroll            |       |       |    14 |       ||    14
Armor: Robe              |     6 |       |       |       ||     6
       Leather armour    |     2 |    12 |    39 |     7 ||    60
Dodge: Dodged            |    14 |    24 |    57 |    13 ||   108

Table legend: (Time is in decaauts)
 A = Elapsed time spent in this place.
 B = Non-inter-level travel time spent in this place.
 C = Inter-level travel time spent in this place.
 D = Time resting spent in this place.
 E = Time spent auto-exploring this place.
 F = Levels seen in this place.
 G = Mean time per level.
                   A        B        C        D        E       F      G
               +--------+--------+--------+--------+--------+-----+--------+
         Total |   8703 |   8475 |    228 |    291 |   6434 |  11 |  791.2 |
       Dungeon |   7015 |   6809 |    206 |    275 |   5325 |   8 |  876.9 |
        Temple |    233 |    212 |     21 |      0 |    197 |   1 |  233.0 |
         Sewer |   1228 |   1228 |      0 |      0 |    763 |   1 | 1228.0 |
        Bailey |    225 |    225 |      0 |     16 |    148 |   1 |  225.0 |
               +--------+--------+--------+--------+--------+-----+--------+

Top non-repeatable levels by time:
     D:1: 1362 daAuts
   Sewer: 1228 daAuts
     D:4: 1225 daAuts
     D:5: 973 daAuts
     D:3: 972 daAuts
     D:6: 950 daAuts
     D:7: 744 daAuts
     D:2: 707 daAuts
  Temple: 233 daAuts
  Bailey: 225 daAuts
     D:8: 80 daAuts
